 Dungeon Crawl Stone Soup version 0.30.0-15-g856e2d3f33 (webtiles) character file.

Game seed: 3966673436344146671

15851 qw the Cleaver (level 12, -3/77 HPs)
             Began as a Gargoyle Cinder Acolyte on May 18, 2023.
             Was an Initiate of Okawaru.
             Slain by a fire elemental (7 damage)
             ... created by the fiery vengeance of Ignis
             ... on level 3 of the Lair of Beasts.
             The game lasted 00:04:52 (10767 turns).

qw the Cleaver (Gargoyle Cinder Acolyte)           Turns: 10767, Time: 00:04:52

Health: -3/77      AC: 31    Str: 24    XL:     12   Next: 31%
Magic:  12/13      EV:  8    Int: 14    God:    Okawaru [......]
Gold:   464        SH:  0    Dex:  5    Spells: 13/13 levels left

rFire   . . .        n - +2 war axe (vamp)
rCold   . . .        (no shield)
rNeg    + . .        i - +0 plate armour
rPois   inf          t - +0 helmet
rElec   +            c - +1 cloak
rCorr   .            o - +0 pair of gloves
SInv    +            (no boots)
Will    .....        r - amulet of the acrobat Stlth
                     k - ring of see invisible
HPRegen 0.32/turn    u - +4 ring of slaying {mikee}
MPRegen 0.13/turn

%: acrobat
@: about to teleport, heroic, slowed, fire susceptible, very slow
A: sickness immunity, AC +8, negative energy resistance 1, electricity
resistance, torment resistance 1, petrification resistance
a: Renounce Religion


You were on level 3 of the Lair of Beasts.
You worshipped Okawaru.
Okawaru was noncommittal.
You visited 2 branches of the dungeon, and saw 11 of its levels.

You collected 674 gold pieces.
You spent 210 gold pieces at shops.


Innate Abilities, Weirdness & Mutations

You are immune to sickness and miasma.
Your stone body is resilient. (AC +8)
You are immune to poison.
You resist negative energy. (rN+)
You are resistant to electric shocks. (rElec)
You are resistant to unholy torment.
You are immune to petrification.


   Skills:
 - Level 10.0(15.0) Fighting
 + Level 13.8(18.8) Axes
 - Level 2.1(7.1) Throwing
 - Level 10.0(15.0) Armour
 - Level 1.6(6.6) Dodging
 - Level 1.0 Spellcasting
 - Level 3.0 Fire Magic
 - Level 0.4 Invocations


You had 13 spell levels left.
You didn't know any spells.
Your spell library contained the following spells:

 Spells                   Type           Power      Damage    Failure   Level
 Scorch                   Fire           18%        2d5       65%         2

Inventory:

Hand Weapons
 f - a +0 morningstar
 n - a +2 vampiric war axe (weapon)
 q - the +1 flail of Voymorghawo {spect, SInv}
   (You found it on level 2 of the Lair of Beasts)

   SInv:      It lets you see invisible.
Missiles
 l - 4 boomerangs (quivered)
Armour
 c - a +1 cloak (worn)
 i - a +0 plate armour (worn)
 o - a +0 pair of gloves (worn)
 t - a +0 helmet (worn)
Jewellery
 k - a ring of see invisible (left hand)
 r - an amulet of the acrobat (around neck)
 s - the ring "Daat" {rN+ Str+4}
   (You found it on level 2 of the Dungeon)

   [ring of positive energy]

   Str:       It affects your strength (+4).
   rN:        It protects you from negative energy.
 u - a +4 ring of slaying (right hand) {mikee}
 w - a ring of protection from fire
Scrolls
 a - 5 scrolls of identify
 b - a scroll of brand weapon
 h - a scroll of teleportation
 v - a scroll of enchant armour {unknown}
Potions
 d - a potion of mutation
 e - 2 potions of curing
 g - 2 potions of heal wounds
 j - a potion of cancellation
 m - 4 potions of might
 p - a potion of resistance

Dungeon Overview and Level Annotations

Branches:
Dungeon (8/15)             Temple (0/1) D:6            Lair (3/5) D:8
  Swamp (0/4) Lair:2        Snake (0/4) Lair:2

Altars:
Ashenzari
Cheibriados
Makhleb
Nemelex Xobeh
Okawaru
Ru
Wu Jian

Shops:
D:7 =

Annotations:
Lair:1 2 transporters


Message History

The fire elemental misses you. The fire elemental hits you.
The fire elemental burns you!
10726 ||| DRINKING 3 potions of heal wounds.
You feel much better.
Your surroundings suddenly seem different.
You start resting.
You feel like a meek peon again.
Magic restored.
You start resting. "Attack, my last stalwart servants!"
The divine experience drains your vigour!
You feel yourself slow down. 3 fire elementals come into view.
10762 ||| INVOKING Heroism.
You gain the combat prowess of a mighty hero.
You can no longer gain great but temporary skills.
The fire elemental misses you.
You hit the fire elemental.
The fire elemental is lightly damaged.
You slash the fire elemental! You miss the fire elemental.
The fire elemental hits you. The fire elemental barely misses you.
The fire elemental hits you. The fire elemental burns you!
The fire elemental hits you. The fire elemental burns you!
The fire elemental hits you. The fire elemental burns you!
You barely miss the fire elemental.
The fire elemental is moderately damaged.
You slice the fire elemental!! You closely miss the fire elemental.
The fire elemental hits you. The fire elemental burns you!
The fire elemental barely misses you. x2
You closely miss the fire elemental.
The fire elemental is severely damaged.
You hit the fire elemental. You slash the fire elemental!
The fire elemental closely misses you. The fire elemental hits you.
The fire elemental burns you! The fire elemental hits you.
10767 ||| READING 2 scrolls of teleportation.
As you read the scroll of teleportation, it crumbles to dust.
You feel strangely unstable. The fire elemental hits you.
The fire elemental burns you! The fire elemental hits you.
The fire elemental burns you!
You die...

....P# .............#...# %.####
#............###..## #.##
#..............##...######
#..###...............###......[#
.#..#P......?........##.......P#
.#.............................#
##...#..........0.....####.....#
##.............E....## #......##
##..#.........@..### ##.......#
#...#........EE.# ###........#
#...#P........0## #.........##
#........[......# ##.......##
#...[.#....###### #........#
#.#####P.### ##....#.## ##.#
#### #..###### ### ####


You could see 3 fire elementals.

Vanquished Creatures
  Erica (Lair:1)
  Urug (Lair:3)
  2 bog bodies (Lair:2)
  A salamander (Lair:2)
  4 black mambas
  7 cane toads
  An unseen horror (D:8)
  3 komodo dragons
  A troll (D:6)
  A hornet (D:7)
  A polar bear (Lair:3)
  5 dream sheep (Lair:3)
  4 blink frogs (Lair:2)
  A wyvern (Lair:3)
  10 yaks
  2 basilisks
  Grum (Lair:1)
  2 wargs (D:8)
  2 swamp worms (Lair:2)
  2 water moccasins (Lair:1)
  An orc warrior (D:8)
  2 black bears
  21 wolves
  2 centaurs
  A phantom (D:7)
  7 bullfrogs
  A necrophage (D:6)
  A scorpion (D:3)
  5 wights (D:7)
  A howler monkey (D:4)
  4 lava snakes (Lair:2)
  3 hounds
  4 jellies
  7 orc priests (D:8)
  A gnoll bouda (D:8)
  2 sleepcaps
  4 iguanas
  9 orc wizards
  A hound skeleton (D:6)
  6 gnolls
  5 adders
  2 ufetubi
  A dart slug (D:1)
  39 orcs
  9 ball pythons
  5 endoplasms
  5 giant cockroaches
  7 goblins
  6 hobgoblins
  4 jackals (D:2)
  4 quokkas
  3 bats
  4 frilled lizards
  6 kobolds
  3 rats
238 creatures vanquished.

Notes
Turn   | Place    | Note
-------+----------+-------------------------------------------
     0 | D:1      | qw the Gargoyle Cinder Acolyte began the quest for the Orb.
     0 | D:1      | Reached XP level 1. HP: 14/14 MP: 2/2
     0 | D:1      | 0 ||| qw: Version: 0.2-a-95-gc95f03d
     0 | D:1      | 0 ||| qw: Game counter: 10
     0 | D:1      | 0 ||| qw: Always use a shield: true
     0 | D:1      | 0 ||| qw: God list: Okawaru
     0 | D:1      | 0 ||| qw: Allow faded altars: false
     0 | D:1      | 0 ||| qw: Do Orc after D:15 true
     0 | D:1      | 0 ||| qw: Do second Lair branch before Depths: true
     0 | D:1      | 0 ||| qw: Lair rune preference: random
     0 | D:1      | 0 ||| qw: Plans: Normal
     0 | D:1      | 0 ||| PLANNING D:1-11
   218 | D:1      | Reached skill level 3 in Axes
   258 | D:1      | Reached XP level 2. HP: 19/19 MP: 3/3
  1013 | D:1      | 1013 ||| UPGRADING to +0 leather armour.
  1023 | D:1      | 1023 ||| DROPPING +0 robe.
  1024 | D:1      | 1024 ||| READING 2 scrolls labelled DAREIGO FUID.
  1025 | D:1      | 1025 ||| READING scroll labelled QOSTRE YN YXKOH.
  1026 | D:1      | 1026 ||| READING scroll labelled VIH QEEH OSOS.
  1034 | D:1      | 1034 ||| DRINKING 2 purple potions.
  1035 | D:1      | 1035 ||| DRINKING 2 yellow potions.
  1036 | D:1      | 1036 ||| DROPPING potion of brilliance.
  1111 | D:2      | Identified the ring "Daat" {rN+ Str+4}
  1151 | D:2      | Reached XP level 3. HP: 21/23 MP: 4/4
  1266 | D:2      | 1266 ||| Stepping ~*~*~tactically~*~*~ (stealth).
  1295 | D:2      | Reached skill level 4 in Axes
  1565 | D:2      | 1565 ||| DROPPING orb of energy.
  1566 | D:2      | 1566 ||| DROPPING amulet of magic regeneration.
  1567 | D:2      | 1567 ||| UPGRADING to ring "Daat" {rN+ Str+4}.
  1568 | D:2      | 1568 ||| READING scroll labelled MYIDAW VOMA.
  1569 | D:2      | 1569 ||| READING scroll labelled FUCWUC YGIHIN.
  1574 | D:2      | 1574 ||| READING scroll labelled COHOHI TASU UXI.
  1589 | D:2      | 1589 ||| READING scroll labelled USUOMU YTTOA.
  1590 | D:2      | 1590 ||| DRINKING 2 emerald potions.
  1591 | D:2      | 1591 ||| DRINKING 2 glowing dark potions.
  1648 | D:3      | 1648 ||| DROPPING +0 club.
  1738 | D:3      | Reached XP level 4. HP: 28/28 MP: 5/5
  1742 | D:3      | HP: 7/28 [iguana (10)]
  1743 | D:3      | 1743 ||| READING scroll of teleportation.
  1744 | D:3      | 1744 ||| DRINKING potion of heal wounds.
  1852 | D:3      | 1852 ||| DROPPING +0 whip.
  1957 | D:3      | Noticed a bullfrog
  1963 | D:3      | Killed a bullfrog
  1964 | D:3      | Reached skill level 5 in Axes
  1964 | D:3      | Reached XP level 5. HP: 29/32 MP: 6/6
  2456 | D:3      | 2456 ||| UPGRADING to +0 plate armour.
  2466 | D:3      | 2466 ||| DROPPING +0 leather armour.
  2467 | D:3      | 2467 ||| READING scroll labelled EZXUSU ZAADWO.
  2485 | D:4      | Reached XP level 6. HP: 36/38 MP: 7/7
  2700 | D:4      | Reached skill level 1 in Armour
  2747 | D:4      | Found a sparkling altar of Nemelex Xobeh.
  2912 | D:4      | 2912 ||| INVOKING Fiery Armour.
  3052 | D:4      | Reached skill level 1 in Throwing
  3174 | D:4      | 3174 ||| UPGRADING to +6 ring of dexterity.
  3175 | D:4      | 3175 ||| READING scroll labelled OTOZAL LUMMIOX.
  3176 | D:4      | 3176 ||| READING 4 scrolls of identify.
  3176 | D:4      | 3176 ||| IDENTIFYING grey potion
  3177 | D:4      | 3177 ||| READING 3 scrolls of identify.
  3177 | D:4      | 3177 ||| IDENTIFYING coppery potion
  3178 | D:4      | 3178 ||| READING 2 scrolls of identify.
  3178 | D:4      | 3178 ||| IDENTIFYING bubbling purple potion
  3179 | D:4      | 3179 ||| DROPPING potion of degeneration.
  3180 | D:4      | 3180 ||| DROPPING potion of attraction.
  3181 | D:4      | 3181 ||| DROPPING potion of lignification.
  3200 | D:4      | Reached skill level 3 in Armour
  3259 | D:4      | 3259 ||| READING scroll labelled FEICSIJIDU.
  3267 | D:5      | Entered Level 5 of the Dungeon
  3296 | D:5      | Identified the +7 mace of Sapay {freeze, rF+}
  3349 | D:5      | Reached XP level 7. HP: 43/43 MP: 8/8
  3349 | D:5      | Found a snail-covered altar of Cheibriados.
  3410 | D:5      | Found a sacrificial altar of Ru.
  3614 | D:5      | Reached skill level 6 in Axes
  3821 | D:5      | Reached skill level 1 in Dodging
  4036 | D:5      | 4036 ||| READING 3 scrolls of identify.
  4036 | D:5      | 4036 ||| IDENTIFYING bubbling green potion
  4071 | D:6      | Found a broken altar of Ashenzari.
  4228 | D:6      | Found a staircase to the Ecumenical Temple.
  4271 | D:6      | Noticed a troll
  4273 | D:6      | 4273 ||| Stepping ~*~*~tactically~*~*~ (stealth).
  4282 | D:6      | 4282 ||| INVOKING Fiery Armour.
  4284 | D:6      | Killed a troll
  4285 | D:6      | Reached skill level 7 in Axes
  4285 | D:6      | Reached XP level 8. HP: 21/48 MP: 9/9
  4343 | D:6      | 4343 ||| Stepping ~*~*~tactically~*~*~ (stealth).
  4417 | D:6      | 4417 ||| SWAPPING to +2 vampiric war axe.
  4418 | D:6      | 4418 ||| DROPPING -1 spectral hand axe.
  4423 | D:6      | Found an iron altar of Okawaru.
  4529 | D:6      | Found a burning altar of Makhleb.
  4695 | D:6      | 4695 ||| Stepping ~*~*~tactically~*~*~ (stealth).
  4696 | D:6      | 4696 ||| Stepping ~*~*~tactically~*~*~ (stealth).
  4871 | D:6      | 4871 ||| UPGRADING to ring of see invisible.
  4873 | D:6      | 4873 ||| UPGRADING to ring "Daat" {rN+ Str+4}.
  4875 | D:6      | 4875 ||| READING scroll labelled VIKKIGYICIF.
  4876 | D:6      | 4876 ||| READING 3 scrolls of identify.
  4876 | D:6      | 4876 ||| IDENTIFYING ruby potion
  4877 | D:6      | 4877 ||| DROPPING potion of ambrosia.
  4973 | D:7      | 4973 ||| Stepping ~*~*~tactically~*~*~ (hiding).
  4984 | D:7      | 4984 ||| DRINKING 3 potions of curing.
  4984 | D:7      | 4984 ||| (to cure confusion)
  5016 | D:7      | 5016 ||| Stepping ~*~*~tactically~*~*~ (stealth).
  5023 | D:7      | 5023 ||| INVOKING Fiery Armour.
  5056 | D:7      | Noticed a hornet
  5057 | D:7      | 5057 ||| Stepping ~*~*~tactically~*~*~ (stealth).
  5060 | D:7      | Reached skill level 8 in Axes
  5065 | D:7      | Killed a hornet
  5066 | D:7      | Reached skill level 6 in Fighting
  5219 | D:7      | Reached XP level 9. HP: 36/55 MP: 10/10
  5292 | D:7      | 5292 ||| DROPPING +0 flail.
  5293 | D:7      | 5293 ||| DROPPING +7 mace of Sapay {freeze, rF+}.
  5365 | D:7      | 5365 ||| Stepping ~*~*~tactically~*~*~ (stealth).
  5486 | D:7      | 5486 ||| Stepping ~*~*~tactically~*~*~ (hiding).
  5506 | D:7      | Reached skill level 9 in Axes
  5532 | D:7      | 5532 ||| Stepping ~*~*~tactically~*~*~ (stealth).
  5540 | D:7      | 5540 ||| Stepping ~*~*~tactically~*~*~ (stealth).
  5542 | D:7      | 5542 ||| Stepping ~*~*~tactically~*~*~ (hiding).
  6064 | D:7      | Found Kuody's Jewellery Boutique.
  6068 | D:7      | 6068 ||| SHOPLISTING +5 ring of evasion (504 gold, have
                  | 345).
  6068 | D:7      | 6068 ||| SHOPLISTING amulet of Balance {Reflect Harm rElec
                  | rC+ Str+2 Dex-5 SH+5} (625 gold, have 345).
  6068 | D:7      | 6068 ||| SHOPLISTING ring "Igoghoh" {rPois Slay+5} (672
                  | gold, have 345).
  6068 | D:7      | 6068 ||| SHOPLISTING ring of fire (350 gold, have 345).
  6068 | D:7      | 6068 ||| BUYING ring of see invisible (210 gold).
  6068 | D:7      | Bought a ring of see invisible for 210 gold pieces
  6068 | D:7      | 6068 ||| SHOPLISTING ring of the Tuna {rPois rF+ Str-2
                  | Int+3 Dex+2} (595 gold, have 135).
  6068 | D:7      | 6068 ||| READING 4 scrolls of identify.
  6068 | D:7      | 6068 ||| IDENTIFYING metallic brown potion
  6069 | D:7      | 6069 ||| READING 3 scrolls of identify.
  6069 | D:7      | 6069 ||| IDENTIFYING viscous black potion
  6164 | D:8      | 6164 ||| INVOKING Fiery Armour.
  6188 | D:8      | Noticed an unseen horror
  6189 | D:8      | 6189 ||| Stepping ~*~*~tactically~*~*~ (stealth).
  6190 | D:8      | 6190 ||| Stepping ~*~*~tactically~*~*~ (stealth).
  6196 | D:8      | Killed an unseen horror
  6238 | D:8      | Found an ornate altar of the Wu Jian Council.
  6439 | D:8      | 6439 ||| Stepping ~*~*~tactically~*~*~ (stealth).
  6441 | D:8      | 6441 ||| Stepping ~*~*~tactically~*~*~ (hiding).
  6443 | D:8      | 6443 ||| Stepping ~*~*~tactically~*~*~ (hiding).
  6556 | D:8      | 6556 ||| Stepping ~*~*~tactically~*~*~ (stealth).
  6558 | D:8      | 6558 ||| Stepping ~*~*~tactically~*~*~ (hiding).
  6614 | D:8      | Found a staircase to the Lair.
  6825 | D:8      | 6825 ||| Stepping ~*~*~tactically~*~*~ (stealth).
  6827 | D:8      | 6827 ||| Stepping ~*~*~tactically~*~*~ (hiding).
  6931 | D:8      | 6931 ||| Stepping ~*~*~tactically~*~*~ (stealth).
  7301 | D:8      | 7301 ||| INVOKING Fiery Armour.
  7307 | D:8      | Reached skill level 10 in Axes
  7524 | D:8      | 7524 ||| PLANNING LAIR
  7524 | D:8      | 7524 ||| UPGRADING to +0 helmet.
  7529 | D:8      | 7529 ||| UPGRADING to amulet of the acrobat.
  7534 | D:8      | 7534 ||| DROPPING +6 ring of dexterity.
  7535 | D:8      | 7535 ||| DROPPING ring of see invisible.
  7536 | D:8      | 7536 ||| UPGRADING to +4 ring of slaying {mikee}.
  7538 | D:8      | 7538 ||| READING 3 scrolls of identify.
  7538 | D:8      | 7538 ||| IDENTIFYING smoky puce potion
  7539 | D:8      | 7539 ||| DROPPING potion of magic.
  7558 | Lair:1   | Entered Level 1 of the Lair of Beasts
  7565 | Lair:1   | 7565 ||| STAIRDANCE
  7568 | D:8      | Reached XP level 10. HP: 56/63 MP: 11/11
  7591 | Lair:1   | Reached skill level 6 in Armour
  7598 | Lair:1   | Noticed Grum
  7599 | Lair:1   | 7599 ||| INVOKING Fiery Armour.
  7607 | Lair:1   | Killed Grum
  7668 | Lair:1   | Noticed a black mamba
  7680 | Lair:1   | Killed a black mamba
  7703 | Lair:1   | Reached skill level 11 in Axes
  7715 | Lair:1   | Noticed a cane toad
  7717 | Lair:1   | Noticed a black mamba
  7718 | Lair:1   | 7718 ||| INVOKING Fiery Armour.
  7725 | Lair:1   | Killed a cane toad
  7728 | Lair:1   | Killed a black mamba
  7735 | Lair:1   | Reached skill level 9 in Fighting
  7763 | Lair:1   | Found a transporter.
  7888 | Lair:1   | Noticed a cane toad
  7901 | Lair:1   | Killed a cane toad
  7902 | Lair:1   | Reached XP level 11. HP: 69/71 MP: 12/12
  8026 | Lair:1   | Found a transporter.
  8058 | Lair:1   | Reached skill level 12 in Axes
  8357 | Lair:1   | Noticed Erica
  8358 | Lair:1   | 8358 ||| Stepping ~*~*~tactically~*~*~ (hiding).
  8359 | Lair:1   | 8359 ||| Stepping ~*~*~tactically~*~*~ (hiding).
  8360 | Lair:1   | 8360 ||| Stepping ~*~*~tactically~*~*~ (hiding).
  8363 | Lair:1   | 8363 ||| INVOKING Fiery Armour.
  8379 | Lair:1   | Killed Erica
  8422 | Lair:1   | You fall into a shaft and drop 1 floor!
  8646 | Lair:2   | 8646 ||| INVOKING Fiery Armour.
  8789 | Lair:2   | Noticed a bog body
  8790 | Lair:2   | 8790 ||| INVOKING Fiery Armour.
  8800 | Lair:2   | Killed a bog body
  8870 | Lair:2   | Found a staircase to the Swamp.
  8870 | Lair:2   | Noticed a bog body
  8875 | Lair:2   | Killed a bog body
  8876 | Lair:2   | Reached skill level 13 in Axes
  8879 | Lair:2   | HP: 8/72 [swamp worm (17)]
  8880 | Lair:2   | 8880 ||| READING 4 scrolls of teleportation.
  8881 | Lair:2   | 8881 ||| DRINKING 3 potions of heal wounds.
  8888 | Lair:2   | 8888 ||| INVOKING Fiery Armour.
  9064 | Lair:2   | 9064 ||| UPGRADING to +1 cloak.
  9069 | Lair:2   | 9069 ||| DROPPING +0 cloak.
  9070 | Lair:2   | 9070 ||| UPGRADING to +0 pair of gloves.
  9075 | Lair:2   | 9075 ||| DROPPING ring of magical power.
  9076 | Lair:2   | 9076 ||| DROPPING +6 ring of intelligence.
  9077 | Lair:2   | 9077 ||| READING scroll labelled JOMOUL TAVOCAT.
  9088 | Lair:2   | Reached skill level 9 in Armour
  9496 | Lair:2   | 9496 ||| INVOKING Fiery Armour.
  9545 | Lair:2   | Reached XP level 12. HP: 77/77 MP: 13/13
  9577 | Lair:2   | Found a staircase to the Snake Pit.
  9578 | Lair:2   | 9578 ||| PLANNING OKAWARU WORSHIP
  9901 | D:6      | Fell from the grace of Ignis
  9901 | D:6      | Became a worshipper of Warmaster Okawaru
  9901 | D:6      | 9901 ||| PLANNING LAIR
 10166 | Lair:2   | Identified the +1 flail of Voymorghawo {spect, SInv}
 10581 | Lair:3   | 10581 ||| Stepping ~*~*~tactically~*~*~ (stealth).
 10603 | Lair:3   | Reached * piety under Okawaru
 10682 | Lair:3   | Noticed Urug
 10683 | Lair:3   | 10683 ||| INVOKING Heroism.
 10696 | Lair:3   | Killed Urug
 10718 | Lair:3   | 10718 ||| INVOKING Heroism.
 10723 | Lair:3   | HP: 13/77 [fire elemental[the fiery vengeance of Ignis]
                  | (9)]
 10724 | Lair:3   | 10724 ||| READING 3 scrolls of teleportation.
 10724 | Lair:3   | HP: 2/77 [fire elemental[the fiery vengeance of Ignis]
                  | (11)]
 10725 | Lair:3   | 10725 ||| DRINKING 4 potions of heal wounds.
 10726 | Lair:3   | 10726 ||| DRINKING 3 potions of heal wounds.
 10762 | Lair:3   | 10762 ||| INVOKING Heroism.
 10766 | Lair:3   | HP: 10/77 [fire elemental[the fiery vengeance of Ignis]
                  | (11)]
 10767 | Lair:3   | 10767 ||| READING 2 scrolls of teleportation.
 10767 | Lair:3   | HP: 4/77 [fire elemental[the fiery vengeance of Ignis] (6)]
 10767 | Lair:3   | Slain by a fire elemental

Levels and vault maps discovered:
D:1:      spicycebolla_arrival_clurvy, layout_basic
D:2:      layout_rooms, minmay_pentomino_q2
D:3:      layout_basic, dreamdust_mushroom_princess
D:4:      layout_loops_ring, mainiacjoe_overflow_24_doors
D:5:      layout_gridville, mainiacjoe_overflow_catwalk, lemuel_crystal_altar
D:6:      layout_gridville, makhleb_blood_cavern_becter,
          evilmike_ruin_ashenzari, lemuel_crystal_altar, temple_pool_b,
          nicolae_kite_square_tiling_tiny
D:7:      layout_basic, enter_bailey_7, serial_shops,
          nicolae_shop_back_alley_shop, roderic_serpentine_path
D:8:      layout_basic, mainiacjoe_overflow_cross_hatched,
          erik_lair_orcish_takeover
Lair:1:   gammafunk_worm_tunnel, layout_cave_pods, beast_lair_carwin_8,
          serial_bayou_shore_b, uniq_grum, uniq_erica
Lair:2:   layout_gridlike, nicolae_swamp_entry_splash_gauntlet,
          nicolae_snake_entry_warm_welcome, pond
Lair:3:   layout_cave_pods, uniq_urug

Skill      XL: |  1  2  3  4  5  6  7  8  9 10 11 12 |
---------------+-------------------------------------+-----
Axes           | 3 4 5 7 8 10 11 13 | 13.8
Fighting       | 4 6 7 9 10 | 10.0
Armour         | 3 4 5 7 9 10 | 10.0
Throwing       | 1 2 |  2.1
Dodging        | 1 |  1.6
Spellcasting   | |  1.0
Fire Magic     | |  3.0
Invocations    | |  0.4

Action                     |  1- 3 |  4- 6 |  7- 9 | 10-12 || total
---------------------------+-------+-------+-------+-------++-------
  Melee: Hand axe          |    82 |    71 |    60 |       ||   213
         Punch             |     1 |     1 |     4 |     2 ||     8
         War axe           |       |       |   204 |   304 ||   508
  Throw: Boomerang         |    29 |    35 |     7 |    41 ||   112
         Javelin           |       |     3 |    48 |     2 ||    53
 Invoke: Fiery Armour      |       |     1 |     4 |     7 ||    12
         Heroism           |       |       |       |     3 ||     3
    Use: Scroll            |     7 |     7 |     6 |     4 ||    24
         Potion            |     4 |     1 |     1 |     3 ||     9
 Armour: Robe              |    16 |       |       |       ||    16
         Leather armour    |    13 |    10 |       |       ||    23
         Plate armour      |       |    36 |   190 |   239 ||   465
         Skin              |       |       |       |     4 ||     4
  Dodge: Dodged            |    25 |    24 |    91 |   112 ||   252

Table legend:
 A = Non-vault XP
 B = Vault XP
 C = Vault XP percentage of total XP
 D = Non-vault monster count
 E = Vault monster count
 F = Vault count percentage of total count
                 A         B        C        D         E       F
            +---------+---------+-------+---------+---------+-------
      Total |   15422 |    7223 |  31.9 |     200 |      38 |  16.0
            +---------+---------+-------+---------+---------+-------
        D:1 |      30 |       0 |   0.0 |      18 |       0 |   0.0
        D:2 |      46 |       0 |   0.0 |      21 |       0 |   0.0
        D:3 |     241 |       0 |   0.0 |      13 |       0 |   0.0
        D:4 |     279 |       0 |   0.0 |      18 |       0 |   0.0
        D:5 |     309 |       0 |   0.0 |       9 |       0 |   0.0
        D:6 |     633 |     106 |  14.3 |      11 |       2 |  15.4
        D:7 |    1335 |      31 |   2.3 |      35 |       4 |  10.3
        D:8 |     975 |     808 |  45.3 |      24 |       9 |  27.3
     Lair:1 |    3941 |    3075 |  43.8 |      20 |      12 |  37.5
     Lair:2 |    5232 |    2403 |  31.5 |      22 |      10 |  31.2
     Lair:3 |    2401 |     800 |  25.0 |       9 |       1 |  10.0
            +---------+---------+-------+---------+---------+-------
